 Dungeon Crawl Stone Soup version 0.26.1-10-gdfb7c7de75 (webtiles) character file.

Game seed: 13383929005708426062

122 phalm the Shield-Bearer (level 5, -3/33 HPs)
             Began as a Gargoyle Fighter on Apr 9, 2021.
             Killed by divine providence
             ... invoked by an orc priest
              (10 damage)
             ... on level 3 of the Dungeon.
             The game lasted 00:02:39 (1933 turns).

phalm the Shield-Bearer (Gargoyle Fighter)          Turns: 1933, Time: 00:02:40

Health: -3/33      AC: 13    Str: 21    XL:     5   Next: 6%
Magic:  5/5        EV:  5    Int:  8    God:
Gold:   138        SH:  4    Dex:  9    Spells: 2/4 levels left

rFire    . . .     SeeInvis .   a - +0 flail
rCold    . . .     Faith    +   e - +0 buckler
rNeg     + . .     Spirit   .   b - +0 scale mail
rPois    ∞         Reflect  .   f - +1 helmet
rElec    +         Harm     .   (no cloak)
rCorr    .         Rampage  .   (no gloves)
Will     .....                  (no boots)
Stlth    ..........             n - amulet of faith
HPRegen  0.11/turn              h - -4 ring of evasion (curse)
MPRegen  0.09/turn              (no ring)

@: no status effects
A: negative energy resistance 1, electricity resistance, unbreathing,
petrification resistance, miasma immunity, AC +4
a: no special abilities


You were on level 3 of the Dungeon.
You visited 1 branch of the dungeon, and saw 3 of its levels.

You collected 138 gold pieces.

Inventory:

Hand Weapons
 a - a +0 flail (weapon)
Armour
 b - a +0 scale mail (worn)
 c - a +0 kite shield
 e - a +0 buckler (worn)
 f - a +1 helmet (worn)
Jewellery
 h - a cursed -4 ring of evasion (left hand)
 n - an amulet of faith (around neck)
Scrolls
 g - a scroll of identify {unknown}
Potions
 d - 3 potions of might
 i - a potion of curing {unknown}
 j - a potion of degeneration {unknown}
 k - a potion of mutation {unknown}
 l - 2 potions of resistance {unknown}
 m - a potion of flight {unknown}


   Skills:
 + Level 3.8 Fighting
 * Level 3.3 Maces & Flails
 + Level 3.8 Armour
 * Level 4.4 Shields


You had 2 spell levels left.
You knew the following spells:

 Your Spells              Type           Power        Failure   Level
a - Blink                 Tloc           N/A          86%         2

Your spell library contained the following spells:

 Spells                   Type           Power        Failure   Level
 Magic Dart               Conj           0%           75%         1
 Call Imp                 Summ           0%           86%         2
 Slow                     Hex            0%           86%         2
 Conjure Flame            Conj/Fire      0%           98%         3
 Mephitic Cloud           Conj/Pois/Air  0%           98%         3


Dungeon Overview and Level Annotations

Branches:
Dungeon (3/15)

Altars:

Annotations:
D:3 Natasha


Innate Abilities, Weirdness & Mutations

You are resistant to torment.
Your stone body is resilient. (AC +4)
You are immune to poison.
You resist negative energy. (rN+)
You are resistant to electric shocks. (rElec)
You can survive without breathing.
You are immune to petrification.
You are immune to miasma.


Message History

You are too injured to fight recklessly!
You are too injured to fight recklessly!
You sock the orc!
You kill the orc!
You closely miss Natasha. Natasha claws you but does no damage.
You hit Natasha but do no damage. Natasha claws you but does no damage.
Natasha casts a spell at you.
The magic dart hits you but does no damage.
You sock Natasha!
Natasha is heavily wounded.
Natasha claws you but does no damage.
The orc priest mumbles some strange prayers to Beogh against you.
Beogh smites you!
* * * LOW HITPOINT WARNING * * *
You closely miss Natasha.
Natasha is heavily wounded.
Natasha barely misses you.
The orc priest calls down the wrath of Beogh upon you.
Beogh smites you!
You die...

######## #....@.#
#.####h####
#.#..#w#..#
#)#..)#o..#
#########.####.####
#....>....# #.#h#
####†#########
##)## .....#


#hw ..#### ..5o You could see a worm, an orc priest and Natasha.

Vanquished Creatures
  Natasha (D:3)
  4 adders
  2 oozes
  4 orcs (D:3)
  5 bats
  A giant cockroach (D:2)
  6 goblins
  7 hobgoblins
  2 jackals (D:2)
  A quokka (D:3)
  A ball python (D:3)
  2 frilled lizards
  7 kobolds
  6 rats
49 creatures vanquished.

Notes
Turn   | Place    | Note
-------+----------+-------------------------------------------
     0 | D:1      | phalm the Gargoyle Fighter began the quest for the Orb.
     0 | D:1      | Reached XP level 1. HP: 14/14 MP: 1/1
   329 | D:1      | Reached XP level 2. HP: 19/19 MP: 2/2
   722 | D:2      | Reached XP level 3. HP: 23/23 MP: 3/3
   961 | D:2      | Learned a level 2 spell: Blink
  1000 | D:2      | Reached skill level 4 in Shields
  1200 | D:2      | Reached XP level 4. HP: 26/28 MP: 4/4
  1514 | D:3      | Noticed Natasha
  1522 | D:3      | Killed Natasha
  1913 | D:3      | Noticed Natasha
  1914 | D:3      | Reached XP level 5. HP: 29/33 MP: 5/5
  1933 | D:3      | Killed from afar by an orc priest

Illustrated notes

Levels and vault maps discovered:
D:1:      dpeg_arrival_tiny_k, layout_loops_cross, minmay_cut_off
D:2:      layout_loops_ring
D:3:      kennysheep_big_flooded_room, layout_loops_ring, wad_rectangle_vault,
          uniq_natasha

Skill      XL: |  1  2  3  4 |
---------------+-------------+-----
Shields        | 4 |  4.4
Maces & Flails | 3 |  3.3
Fighting       | |  3.8
Armour         | |  3.8

Action                   |  1- 3 |  4- 6 || total
-------------------------+-------+-------++-------
Melee: Flail             |   102 |    67 ||   169
Armor: Scale mail        |    69 |    41 ||   110
Dodge: Dodged            |    34 |    21 ||    55
Block: Kite shield       |     9 |       ||     9
       Buckler           |    14 |    17 ||    31
